 Dungeon Crawl Stone Soup version 0.27.1-34-g3ba077fa99 (webtiles) character file.

Game seed: 8033481457829718175

8 pkoi the Grasshopper (level 2, -1/24 HPs)
             Began as a Draconian Warper on Jan 27, 2022.
             Slain by a kobold (5 damage)
             ... on level 1 of the Dungeon.
             The game lasted 00:00:17 (304 turns).

pkoi the Grasshopper (Draconian Warper)              Turns: 304, Time: 00:00:18

Health: -1/24      AC:  4    Str: 13    XL:     2   Next: 0%
Magic:  5/5        EV: 12    Int: 13    God:
Gold:   8          SH:  0    Dex: 10    Spells: 5/5 levels left

rFire    . . .     SeeInvis .     - Unarmed
rCold    . . .     Faith    .   (no shield)
rNeg     . . .     Spirit   .   (armour unavailable)
rPois    .         Reflect  .   (helmet restricted)
rElec    .         Harm     .   (no cloak)
rCorr    .         Rampage  .   (no gloves)
Will     .....                  (no boots)
Stlth    +.........             (no amulet)
HPRegen  0.08/turn              (no ring)
MPRegen  0.09/turn              (no ring)

@: no status effects
A: AC +4, unfitting armour, cold-blooded
a: no special abilities


You were on level 1 of the Dungeon.
You visited 1 branch of the dungeon, and saw 1 of its levels.

You collected 8 gold pieces.

Inventory:

Missiles
 b - 5 boomerangs of dispersal (quivered)
Scrolls
 a - a scroll of blinking
Potions
 c - a potion of resistance {unknown}


   Skills:
 - Level 2.1 Fighting
 - Level 0.8 Throwing
 - Level 2.1 Dodging
 + Level 2.7 Unarmed Combat
 - Level 2.0 Spellcasting
 - Level 3.0 Translocations


You had 5 spell levels left.
You didn't know any spells.
Your spell library contained the following spells:

 Spells                   Type           Power      Damage    Failure   Level
 Blink                    Tloc           N/A        N/A       11%         2
 Gell's Gravitas          Tloc           4%         N/A       22%         3
 Lesser Beckoning         Tloc           4%         N/A       22%         3
 Teleport Other           Tloc           9%         N/A       22%         3
 Manifold Assault         Tloc           9%         N/A       90%         5


Dungeon Overview and Level Annotations

Branches:
Dungeon (1/15)

Altars:


Innate Abilities, Weirdness & Mutations

Your plain brown scales are hard. (AC +4)
You cannot fit into any form of body armour.
You are cold-blooded and may be slowed by cold attacks.


Message History

The kobold shouts!
Found a glowing coppery potion.
The rat twitches its whiskers.
You hit the rat but do no damage. The rat closely misses you.
You hit the rat but do no damage. The rat bites you.
You hit the rat.
Your tail-slap misses the rat.
The rat is moderately wounded.
The rat closely misses you. The kobold hits you but does no damage.
You barely miss the rat.
The rat is moderately wounded.
The rat completely misses you. The kobold hits you with a +0 whip.
You are too injured to fight recklessly!
You are too injured to fight recklessly!
You are too injured to fight recklessly!
You are too injured to fight recklessly!
You are too injured to fight recklessly!
You are too injured to fight recklessly!
You are too injured to fight recklessly!
You are too injured to fight recklessly!
You are too injured to fight recklessly!
You are too injured to fight recklessly!
You are too injured to fight recklessly!
You are too injured to fight recklessly!
The kobold misses you.
The kobold throws a stone.
The stone completely misses you. The rat barely misses you.
You hit the rat.
You kill the rat!
The kobold hits you with a +0 whip.
* * * LOW HITPOINT WARNING * * *
You have reached level 2!
You miss the kobold. The kobold hits you but does no damage.
You closely miss the kobold. The kobold hits you with a +0 whip.
* * * LOW HITPOINT WARNING * * *
You completely miss the kobold. You closely miss the kobold.
The kobold hits you with a +0 whip.
* * * LOW HITPOINT WARNING * * *
You barely miss the kobold.
Your tail-slap misses the kobold.
The kobold hits you with a +0 whip.
You die...

##########
.........#########
..........†@.....########
......#.##K#####.........
!...##..##.#...#.########
... #..##.#.....# .
...##.#...#.#
.....#.##.##.#
#.............#
.....###......# #.#.##.#


You could see a kobold.

Vanquished Creatures
  2 ball pythons (D:1)
  A giant cockroach (D:1)
  A goblin (D:1)
  A hobgoblin (D:1)
  A kobold (D:1)
  A rat (D:1)
7 creatures vanquished.

Notes
Turn   | Place    | Note
-------+----------+-------------------------------------------
     0 | D:1      | pkoi the Draconian Warper began the quest for the Orb.
     0 | D:1      | Reached XP level 1. HP: 17/17 MP: 3/3
   300 | D:1      | Reached XP level 2. HP: 11/24 MP: 5/5
   304 | D:1      | Slain by a kobold

Illustrated notes

Levels and vault maps discovered:
D:1:      matt_arrival_refuge, layout_loops_cross,
          minmay_misc_feat_secret_circle, minmay_misc_feat_nine_boxes

Action                   || total
-------------------------++-------
Melee: Unarmed           ||    36
       Tailslap          ||     3
Armor: Skin              ||     6
Dodge: Dodged            ||    25
